 Dungeon Crawl Stone Soup version 0.29-a0-490-g77b3608 (webtiles) character file.

Game seed: 11992971536081090294

100 Toastz the Chopper (level 4, -2/41 HPs)
             Began as a Hill Orc Fighter on May 26, 2022.
             Was a Follower of Cheibriados.
             Slain by a gnoll
             ... wielding a +0 halberd
             ... led by a gnoll shaman
              (3 damage)
             ... on level 3 of the Dungeon.
             The game lasted 00:03:50 (2262 turns).

Toastz the Chopper (Hill Orc Fighter)               Turns: 2262, Time: 00:03:51

Health: -2/41      AC:  6    Str: 23    XL:     4   Next: 73%
Magic:  2/4        EV:  9    Int: 11    God:    Cheibriados [*.....]
Gold:   109        SH:  5    Dex: 13    Spells: 3/3 levels left

rFire   . . .      SeeInvis .   a - +0 war axe
rCold   . . .      Faith    .   c - +0 buckler
rNeg    . . .      Spirit   .   b - +0 scale mail
rPois   .          Reflect  .   (no helmet)
rElec   .          Harm     .   h - scarf {+Inv}
rCorr   .          Rampage  .   (no gloves)
Will    .....                   (no boots)
Stlth   ..........              f - amulet of magic regeneration
HPRegen 0.13/turn               (no ring)
MPRegen 0.49/turn               (no ring)

@: very slow
A: no striking features
a: Renounce Religion, Evoke Invisibility, Bend Time


You were on level 3 of the Dungeon.
You worshipped Cheibriados.
Cheibriados was aware of your devotion.
You visited 1 branch of the dungeon, and saw 3 of its levels.

You collected 109 gold pieces.

Inventory:

Hand Weapons
 a - a +0 war axe (weapon)
Missiles
 l - a throwing net
 q - 2 poisoned darts (quivered)
Armour
 b - a +0 scale mail (worn)
 c - a +0 buckler (worn)
 h - a scarf of invisibility (worn)
Jewellery
 f - an amulet of magic regeneration (around neck)
Scrolls
 e - a scroll of enchant weapon {unknown}
 g - 3 scrolls of identify {unknown}
 i - 2 scrolls of blinking {unknown}
 j - a scroll of teleportation {unknown}
 k - 2 scrolls of enchant armour {unknown}
 m - a scroll of vulnerability {unknown}
 u - a scroll of noise {unknown}
Potions
 d - 2 potions of might
 n - a potion of cancellation {unknown}
 o - a potion of mutation {unknown}
 p - a potion of haste {unknown}
 r - a potion of invisibility {unknown}
 s - a potion of attraction {unknown}
 t - a potion of magic {unknown}


   Skills:
 + Level 4.5 Fighting
 * Level 4.8 Axes
 - Level 3.3 Armour
 + Level 4.0 Shields


You had 3 spell levels left.
You didn't know any spells.
Your spell library contained the following spells:

 Spells                   Type           Power      Damage    Failure   Level
 Apportation              Tloc           0%         N/A       75%         1
 Magic Dart               Conj           0%         1d3       75%         1
 Searing Ray              Conj           0%         2d4       86%         2
 Fulminant Prism          Conj/Hex       0%         3d6       100%        4
 Alistair's Intoxication  Tmut/Pois      0%         N/A       100%        5


Dungeon Overview and Level Annotations

Branches:
Dungeon (3/15)

Altars:
Cheibriados

Shops:
D:3 =


Message History

A gnoll shaman comes into view. It is wielding a +3 whip.
The gnoll completely misses you.
A gnoll comes into view. It is wielding a +0 halberd.
The gnoll hits you with a +0 club!
The gnoll shouts!
You hit the gnoll.
The gnoll is heavily wounded.
The gnoll barely misses you.
You hit the gnoll but do no damage.
The gnoll is heavily wounded.
You hit the gnoll shaman but do no damage.
A gnoll comes into view. It is wielding a +0 club.
The gnoll shaman hits you with a +3 whip.
The gnoll hits you with a +0 club.
You are too injured to fight recklessly!
You are too injured to fight recklessly!
You fail to use your ability.
The gnoll shouts!
A gnoll comes into view. It is wielding a +0 whip.
The gnoll shaman hits you with a +3 whip!
* * * LOW HITPOINT WARNING * * *
You block the gnoll's attack.
You are too injured to fight recklessly!
The flow of time bends around you.
Cheibriados rebukes the gnoll shaman.
The gnoll shaman seems to slow down.
Cheibriados rebukes the gnoll.
The gnoll seems to slow down.
The gnoll shouts!
The gnoll barely misses you. You block the gnoll's attack.
The gnoll shaman hits you with a +3 whip.
* * * LOW HITPOINT WARNING * * *
You hit the gnoll shaman.
The gnoll shaman is lightly wounded.
You barely miss the gnoll. The gnoll barely misses you.
The gnoll hits you but does no damage.
The gnoll shaman hits you with a +3 whip!
* * * LOW HITPOINT WARNING * * *
The gnoll hits you from afar with a +0 halberd.
You die...

### ### #.. ..# ### #.#
#.# #<# #.# #.# #.#
..#######.####.###.### .
....................##
#..###.....#.....##.#..#
#.......................
...##g@......##.##.##.#
#g######.##........


.gK ..#####[###. ....g .... ........ ###... .#..########## ###. #.#..# #. #. #
#..## #. ## #..... #. #.#### #. You could see a gnoll shaman (slow), 3 gnolls
and a kobold.

Vanquished Creatures
  4 adders
  A dart slug (D:1)
  7 orcs (D:3)
  3 endoplasms
  2 giant cockroaches (D:2)
  5 goblins
  3 hobgoblins (D:1)
  4 jackals (D:1)
  2 kobolds
  2 quokkas (D:2)
  8 ball pythons
  3 bats
  6 frilled lizards
  6 rats
56 creatures vanquished.

Notes
Turn   | Place    | Note
-------+----------+-------------------------------------------
     0 | D:1      | Toastz the Hill Orc Fighter began the quest for the Orb.
     0 | D:1      | Reached XP level 1. HP: 19/19 MP: 1/1
   196 | D:1      | Reached XP level 2. HP: 16/27 MP: 2/2
   864 | D:1      | Reached XP level 3. HP: 30/33 MP: 3/3
  1632 | D:2      | Reached XP level 4. HP: 40/40 MP: 4/4
  1728 | D:2      | Found a faded altar of an unknown god.
  1746 | D:2      | Prayed at the altar of an unknown god.
  1746 | D:2      | Became a worshipper of Cheibriados the Contemplative
  1746 | D:2      | Reached * piety under Cheibriados
  2031 | D:3      | Found Puod's Jewellery Shop.
  2262 | D:3      | HP: 1/41 [gnoll shaman/+3 whip (8)]
  2262 | D:3      | Slain by a gnoll

Illustrated notes

Levels and vault maps discovered:
D:1:      psy_arrival_spokes, layout_basic
D:2:      layout_basic, basic_ecumenical_altar
D:3:      layout_basic, serial_shops, shop, kennysheep_flooded_box

Skill      XL: |  1  2  3  4 |
---------------+-------------+-----
Axes           | 3 4 |  4.8
Fighting       | 4 |  4.5
Shields        | 4 |  4.0
Armour         | |  3.3

Action                   |  1- 3 |  4- 6 || total
-------------------------+-------+-------++-------
Melee: War axe           |    84 |    42 ||   126
Throw: Dart              |    25 |    13 ||    38
       Throwing net      |     1 |     3 ||     4
Invok: Bend Time         |       |     1 ||     1
Armor: Scale mail        |    47 |    14 ||    61
Dodge: Dodged            |    70 |    17 ||    87
Block: Buckler           |    16 |    12 ||    28

Table legend: (Time is in decaauts)
 A = Elapsed time spent in this place.
 B = Non-inter-level travel time spent in this place.
 C = Inter-level travel time spent in this place.
 D = Time resting spent in this place.
 E = Time spent auto-exploring this place.
 F = Levels seen in this place.
 G = Mean time per level.
                   A        B        C        D        E       F      G
               +--------+--------+--------+--------+--------+-----+--------+
         Total |   2392 |   2336 |     56 |    184 |   1740 |   3 |  797.3 |
       Dungeon |   2392 |   2336 |     56 |    184 |   1740 |   3 |  797.3 |
               +--------+--------+--------+--------+--------+-----+--------+

Top non-repeatable levels by time:
     D:1: 1194 daAuts
     D:2: 740 daAuts
     D:3: 457 daAuts
